 Dungeon Crawl Stone Soup version 0.30-b1-2-g02819fbbbe (webtiles) character file.

Game seed: 13368890931433325804

10 sanka the Vexing (level 2, -1/21 HPs)
             Began as a Barachi Enchanter on May 19, 2023.
             Slain by an adder (3 damage)
             ... on level 2 of the Dungeon.
             The game lasted 00:00:44 (782 turns).

sanka the Vexing (Barachi Enchanter)                 Turns: 782, Time: 00:00:45

Health: -1/21      AC:  3    Str:  9    XL:     2   Next: 20%
Magic:  5/5        EV: 12    Int: 15    God:
Gold:   55         SH:  0    Dex: 12    Spells: 5/5 levels left

rFire   . . .        a - +1 dagger
rCold   . . .        (no shield)
rNeg    . . .        b - +0 robe
rPois   .            m - +1 hat
rElec   .            (no cloak)
rCorr   .            (no gloves)
SInv    .            (no boots)
Will    .....        l - amulet of faith
Stlth   ++           (no ring)
HPRegen 0.23/turn    (no ring)
MPRegen 0.09/turn

%: faith
@: lethally poisoned (-1 -> -7), slow
A: amphibious, slowness 1, strong legs 1, +LOS
a: Hop


You were on level 2 of the Dungeon.
You visited 1 branch of the dungeon, and saw 2 of its levels.

You collected 55 gold pieces.

Inventory:

Hand Weapons
 a - a +1 dagger (weapon)
Missiles
 k - a throwing net {=f}
Armour
 b - a +0 robe (worn)
 m - a +1 hat (worn)
Magical Staves
 n - a staff of poison
Jewellery
 l - an amulet of faith (around neck)
Scrolls
 e - a scroll of fear {unknown}
 f - 2 scrolls of blinking {unknown}
 g - a scroll of vulnerability {unknown}
 h - a scroll of fog {unknown}
 j - a scroll of poison {unknown}
 o - a scroll of enchant armour {unknown}
Potions
 c - 2 potions of invisibility
 d - a potion of curing {unknown}
 i - a potion of resistance {unknown}


   Skills:
 + Level 1.4 Fighting
 - Level 1.1 Short Blades
 + Level 2.7 Dodging
 - Level 2.6 Stealth
 - Level 2.1 Spellcasting
 - Level 3.2 Hexes


You had 5 spell levels left.
You didn't know any spells.
Your spell library contained the following spells:

 Spells                   Type           Power      Damage    Failure   Level
 Ensorcelled Hibernation  Hex/Ice        12%        N/A       17%         2
 Confusing Touch          Hex            11%        N/A       17%         3
 Tukima's Dance           Hex            11%        N/A       17%         3
 Dazzling Flash           Conj/Hex       12%        N/A       32%         3
 Gell's Gravitas          Tloc           1%         N/A       54%         3
 Teleport Other           Tloc           1%         N/A       54%         3
 Dispersal                Tloc           0%         N/A       100%        6


Dungeon Overview and Level Annotations

Branches:
Dungeon (2/15)

Altars:


Innate Abilities, Weirdness & Mutations

You are amphibious.
You cover ground slowly.
You can hop short distances.
You have an extended range of vision and can be seen from far away.


Message History

The adder closely misses you.
Unknown command.
You hit the adder. Your punch misses the adder.
The adder is severely wounded.
The adder bites you.
You are poisoned.
The adder poisons you!
Unknown command.
You hit the adder but do no damage.
The adder is severely wounded.
You feel sick. The adder bites you.
You are more poisoned.
The adder poisons you!
Unknown command.
You barely miss the adder.
The adder is severely wounded.
You feel sick. The adder bites you but does no damage. The adder bites you.
Unknown command.
You hit the adder.
The adder is almost dead.
You feel sick. The adder bites you.
You are lethally poisoned!
The adder poisons you!
Unknown command.
Unknown command.
You barely miss the adder.
The adder is severely wounded.
You feel very sick. The adder bites you but does no damage.
You hit the adder.
The adder is almost dead.
* * * LOW HITPOINT WARNING * * *
You feel sick. The adder bites you.
* * * LOW HITPOINT WARNING * * *
Unknown command.
You miss the adder.
The adder is almost dead.
* * * LOW HITPOINT WARNING * * *
You feel sick. The adder bites you.
You die...

#.......###.###
#####.............#
#...#........#.##.# #
#.#.#........#.##.#####...
#.#..........#.........#
#####.###.).†...####.(.....#
#<....# ######### #.......#
####################.......##
.......S@...............
######################..# ...
.. .


You could see an adder.

Vanquished Creatures
  2 endoplasms (D:1)
  A goblin (D:2)
  A hobgoblin (D:1)
  A ball python (D:2)
  2 bats
  3 rats (D:1)
10 creatures vanquished.

Notes
Turn   | Place    | Note
-------+----------+-------------------------------------------
     0 | D:1      | sanka the Barachi Enchanter began the quest for the Orb.
     0 | D:1      | Reached XP level 1. HP: 13/13 MP: 3/3
    88 | D:1      | Reached skill level 1 in Fighting
   410 | D:1      | Reached XP level 2. HP: 21/21 MP: 5/5
   782 | D:2      | Slain by an adder

Illustrated notes

Levels and vault maps discovered:
D:1:      minmay_arrival_glassed_features, layout_basic, minivault_24,
          minmay_misc_feat_rows
D:2:      layout_basic, chequers_ecumenical_altar_simple_redux,
          minmay_tromino_i4

Skill      XL: |  1 |
---------------+----+-----
Fighting       | 1 |  1.4
Short Blades   | |  1.1
Dodging        | |  2.7
Stealth        | |  2.6
Spellcasting   | |  2.1
Hexes          | |  3.2

Action                     || total
---------------------------++-------
  Melee: Dagger            ||    35
   Stab: Sleeping          ||     5
 Armour: Robe              ||    11
  Dodge: Dodged            ||    12
